Workbook

Sheet Planilha
D1: Obra | E1: Bancos | G1: B.D.I. | I1: Encargos Sociais | J1: =I7 -> 107954.3
D2: MANUTENÇÃO UBS DOMICIO MANOEL DE CAIRES LOCAL: RUA PRESIDENTE KENNEDY Nº143 | E2: SINAPI - 02/2026 - Minas Gerais SBC - 03/2026 - Minas Gerais SICRO3 - 10/2025 - Minas Gerais ORSE - 12/2025 - Sergipe SEDOP - 03/2026 - Pará SEINFRA - 028 - Ceará SETOP - 01/2026 - Minas Gerais IOPES - 12/2025 - Espírito Santo SIURB - 07/2025 - São Paulo SIURB INFRA - 07/2025 - São Paulo SUDECAP - 10/2025 - Minas Gerais CPOS/CDHU - 01/2026 - São Paulo FDE - 01/2026 - São Paulo AGESUL - 01/2026 - Mato Grosso do Sul AGETOP CIVIL - 12/2025 - Goiás AGETOP RODOVIARIA - 12/2025 - Goiás CAEMA - 12/2019 - Maranhão EMBASA - 06/2025 - sem_encargos CAERN - 01/2026 - Rio Grande do Norte COMPESA - 07/2024 - Pernambuco EMOP - 02/2026 - Rio de Janeiro DERPR - 08/2025 - Paraná SCO - 01/2026 - Rio de Janeiro | G2: 26,24% | I2: Desonerado: embutido nos preços unitário dos insumos de mão de obra, de acordo com as bases.
A3: Planilha Orçamentária
H4: Valor Final do Orçamento | J4: 107954.3
H5: BDI | J5: 0.2624
A6: Item | B6: Código | C6: Banco | D6: Descrição | E6: Und | F6: Quant. | G6: Valor Unit | H6: Valor Unit com BDI | I6: Total | J6: Peso (%)
A7: 1 | D7: MANUTENÇÃO UBS DOMÍCIO MANOEL DE CAIRES | F7: 1 | H7: =I8 + I17 + I22 + I25 + I28 + I30 + I40 + I43 -> 107954.3 | I7: =ROUND(F7 * H7,2) -> 107954.3 | J7: =I7 / J4 -> 1
A8: 1.1 | D8: SERVIÇOS PRELIMINARES | F8: 1 | H8: =I9 + I10 + I11 + I12 + I13 + I14 + I15 + I16 -> 8598.78 | I8: =ROUND(F8 * H8,2) -> 8598.78 | J8: =I8 / J4 -> 0.079652038
A9: 1.1.1 | B9: 103689 | C9: SINAPI | D9: FORNECIMENTO E INSTALAÇÃO DE PLACA DE OBRA COM CHAPA GALVANIZADA E ESTRUTURA DE MADEIRA. AF_03/2022_PS | E9: m² | F9: 6.48 | G9: 375.1 | H9: =ROUND(ROUND(G9 * J5, 2) + G9, 2) -> 473.53 | I9: =ROUND(F9 * H9,2) -> 3068.47 | J9: =I9 / J4 -> 0.028423787
A10: 1.1.2 | B10: 97650 | C10: SINAPI | D10: REMOÇÃO DE TRAMA DE MADEIRA PARA COBERTURA, DE FORMA MANUAL, SEM REAPROVEITAMENTO. AF_09/2023 | E10: m² | F10: 27.1005 | G10: 8.56 | H10: =ROUND(ROUND(G10 * J5, 2) + G10, 2) -> 10.81 | I10: =ROUND(F10 * H10,2) -> 292.96 | J10: =I10 / J4 -> 0.0027137409
A11: 1.1.3 | B11: 97647 | C11: SINAPI | D11: REMOÇÃO DE TELHAS DE FIBROCIMENTO METÁLICA E CERÂMICA, DE FORMA MANUAL, SEM REAPROVEITAMENTO. AF_09/2023 | E11: m² | F11: 27.1005 | G11: 3.97 | H11: =ROUND(ROUND(G11 * J5, 2) + G11, 2) -> 5.01 | I11: =ROUND(F11 * H11,2) -> 135.77 | J11: =I11 / J4 -> 0.0012576618
A12: 1.1.4 | B12: ED-50505 | C12: SETOP | D12: LIXAMENTO MANUAL EM PAREDE PARA REMOÇÃO DE TINTA | E12: m² | F12: 1119.284 | G12: 3.51 | H12: =ROUND(ROUND(G12 * J5, 2) + G12, 2) -> 4.43 | I12: =ROUND(F12 * H12,2) -> 4958.43 | J12: =I12 / J4 -> 0.045930824
A13: 1.1.5 | B13: 93590 | C13: SINAPI | D13: TRANSPORTE COM CAMINHÃO BASCULANTE DE 10 M³, EM VIA URBANA PAVIMENTADA, ADICIONAL PARA DMT EXCEDENTE A 30 KM (UNIDADE: M3XKM). AF_02/2026 | E13: M3XKM | F13: 9.85 | G13: 1.01 | H13: =ROUND(ROUND(G13 * J5, 2) + G13, 2) -> 1.28 | I13: =ROUND(F13 * H13,2) -> 12.61 | J13: =I13 / J4 -> 0.00011680869
A14: 1.1.6 | B14: 100973 | C14: SINAPI | D14: CARGA, MANOBRA E DESCARGA DE SOLOS E MATERIAIS GRANULARES EM CAMINHÃO BASCULANTE 6 M³ - CARGA COM PÁ CARREGADEIRA (CAÇAMBA DE 1,7 A 2,8 M³ / 128 HP) E DESCARGA LIVRE (UNIDADE: M3). AF_02/2026 | E14: m³ | F14: 1.9766 | G14: 8.58 | H14: =ROUND(ROUND(G14 * J5, 2) + G14, 2) -> 10.83 | I14: =ROUND(F14 * H14,2) -> 21.41 | J14: =I14 / J4 -> 0.00019832466
A15: 1.1.7 | B15: 97664 | C15: SINAPI | D15: REMOÇÃO DE ACESSÓRIOS, DE FORMA MANUAL, SEM REAPROVEITAMENTO. AF_09/2023 | E15: UN | F15: 16 | G15: 1.77 | H15: =ROUND(ROUND(G15 * J5, 2) + G15, 2) -> 2.23 | I15: =ROUND(F15 * H15,2) -> 35.68 | J15: =I15 / J4 -> 0.00033051023
A16: 1.1.8 | B16: 97641 | C16: SINAPI | D16: REMOÇÃO DE FORRO DE GESSO, DE FORMA MANUAL, SEM REAPROVEITAMENTO. AF_09/2023 | E16: m² | F16: 17.5305 | G16: 3.32 | H16: =ROUND(ROUND(G16 * J5, 2) + G16, 2) -> 4.19 | I16: =ROUND(F16 * H16,2) -> 73.45 | J16: =I16 / J4 -> 0.00068038049
A17: 1.2 | D17: COBERTURA | F17: 1 | H17: =I18 + I19 + I20 + I21 -> 16550.36 | I17: =ROUND(F17 * H17,2) -> 16550.36 | J17: =I17 / J4 -> 0.15330895
A18: 1.2.1 | B18: 94448 | C18: SINAPI | D18: TELHAMENTO COM TELHA CERÂMICA CAPA-CANAL, TIPO PAULISTA, COM MAIS DE 2 ÁGUAS, INCLUSO TRANSPORTE VERTICAL. AF_07/2019 | E18: m² | F18: 44.6505 | G18: 100.22 | H18: =ROUND(ROUND(G18 * J5, 2) + G18, 2) -> 126.52 | I18: =ROUND(F18 * H18,2) -> 5649.18 | J18: =I18 / J4 -> 0.052329365
A19: 1.2.2 | B19: 12536 | C19: ORSE | D19: Fornecimento e instalação de mão francesa reforçada 100 x 1400mm (ref. mopa ou similar) | E19: un | F19: 6 | G19: 451.71 | H19: =ROUND(ROUND(G19 * J5, 2) + G19, 2) -> 570.24 | I19: =ROUND(F19 * H19,2) -> 3421.44 | J19: =I19 / J4 -> 0.031693411
A20: 1.2.3 | B20: 92539 | C20: SINAPI | D20: TRAMA DE MADEIRA COMPOSTA POR RIPAS, CAIBROS E TERÇAS PARA TELHADOS DE ATÉ 2 ÁGUAS PARA TELHA CERÂMICA OU DE CONCRETO, INCLUSO TRANSPORTE VERTICAL. AF_10/2025 | E20: m² | F20: 44.6505 | G20: 112.37 | H20: =ROUND(ROUND(G20 * J5, 2) + G20, 2) -> 141.86 | I20: =ROUND(F20 * H20,2) -> 6334.12 | J20: =I20 / J4 -> 0.058674087
A21: 1.2.4 | B21: 96113 | C21: SINAPI | D21: FORRO EM PLACAS DE GESSO, PARA AMBIENTES COMERCIAIS. AF_08/2023_PS | E21: m² | F21: 17.5305 | G21: 51.77 | H21: =ROUND(ROUND(G21 * J5, 2) + G21, 2) -> 65.35 | I21: =ROUND(F21 * H21,2) -> 1145.62 | J21: =I21 / J4 -> 0.010612083
A22: 1.3 | D22: INSTALAÇÕES HIDRO-SANITÁRIAS | F22: 1 | H22: =I23 + I24 -> 8912.36 | I22: =ROUND(F22 * H22,2) -> 8912.36 | J22: =I22 / J4 -> 0.082556786
A23: 1.3.1 | B23: ED-22765 | C23: SETOP | D23: TORNEIRA METÁLICA HOSPITALAR, ABERTURA ALAVANCA 1/4 DE VOLTA, ACABAMENTO CROMADO, COM AREJADOR, APLICAÇÃO DE PAREDE | E23: un | F23: 14 | G23: 456.03 | H23: =ROUND(ROUND(G23 * J5, 2) + G23, 2) -> 575.69 | I23: =ROUND(F23 * H23,2) -> 8059.66 | J23: =I23 / J4 -> 0.074658073
A24: 1.3.2 | B24: 103018 | C24: SINAPI | D24: VÁLVULA DE DESCARGA METÁLICA, BASE 1 1/4", ACABAMENTO METALICO CROMADO - FORNECIMENTO E INSTALAÇÃO. AF_08/2021 | E24: UN | F24: 2 | G24: 337.73 | H24: =ROUND(ROUND(G24 * J5, 2) + G24, 2) -> 426.35 | I24: =ROUND(F24 * H24,2) -> 852.7 | J24: =I24 / J4 -> 0.0078987127
A25: 1.4 | D25: ESQUADRIAS | F25: 1 | H25: =I26 + I27 -> 3186.1 | I25: =ROUND(F25 * H25,2) -> 3186.1 | J25: =I25 / J4 -> 0.029513414
A26: 1.4.1 | B26: 102181 | C26: SINAPI | D26: INSTALAÇÃO DE VIDRO TEMPERADO, E = 10 MM, ENCAIXADO EM PERFIL U. AF_11/2025 | E26: m² | F26: 2.265 | G26: 341.11 | H26: =ROUND(ROUND(G26 * J5, 2) + G26, 2) -> 430.62 | I26: =ROUND(F26 * H26,2) -> 975.35 | J26: =I26 / J4 -> 0.0090348416
A27: 1.4.2 | B27: 106320 | C27: SINAPI | D27: PORTA DE ABRIR COM MOLA HIDRÁULICA, EM VIDRO TEMPERADO, 120X210 CM, ESPESSURA 10 MM, INCLUSIVE ACESSÓRIOS. AF_11/2025 | E27: UN | F27: 1 | G27: 1751.23 | H27: =ROUND(ROUND(G27 * J5, 2) + G27, 2) -> 2210.75 | I27: =ROUND(F27 * H27,2) -> 2210.75 | J27: =I27 / J4 -> 0.020478573
A28: 1.5 | D28: REVESTIMENTO | F28: 1 | H28: =I29 -> 12827.44 | I28: =ROUND(F28 * H28,2) -> 12827.44 | J28: =I28 / J4 -> 0.11882287
A29: 1.5.1 | B29: ED-9081 | C29: SETOP | D29: REVESTIMENTO COM CERÂMICA APLICADO EM PAREDE, ACABAMENTO ESMALTADO, AMBIENTE INTERNO/EXTERNO, PADRÃO EXTRA, DIMENSÃO DA PEÇA ATÉ 2025 CM2, PEI III, ASSENTAMENTO COM ARGAMASSA INDUSTRIALIZADA, INCLUSIVE REJUNTAMENTO | E29: m² | F29: 127.105 | G29: 79.94 | H29: =ROUND(ROUND(G29 * J5, 2) + G29, 2) -> 100.92 | I29: =ROUND(F29 * H29,2) -> 12827.44 | J29: =I29 / J4 -> 0.11882287
A30: 1.6 | D30: PINTURA | F30: 1 | H30: =I31 + I32 + I33 + I34 + I35 + I36 + I37 + I38 + I39 -> 45310.84 | I30: =ROUND(F30 * H30,2) -> 45310.84 | J30: =I30 / J4 -> 0.41972242
A31: 1.6.1 | B31: 88489 | C31: SINAPI | D31: PINTURA LÁTEX ACRÍLICA PREMIUM, APLICAÇÃO MANUAL EM PAREDES, DUAS DEMÃOS. AF_04/2023 | E31: m² | F31: 1119.284 | G31: 14.39 | H31: =ROUND(ROUND(G31 * J5, 2) + G31, 2) -> 18.17 | I31: =ROUND(F31 * H31,2) -> 20337.39 | J31: =I31 / J4 -> 0.18838888
A32: 1.6.2 | B32: 88415 | C32: SINAPI | D32: APLICAÇÃO MANUAL DE FUNDO SELADOR ACRÍLICO EM PAREDES EXTERNAS DE CASAS. AF_03/2024 | E32: m² | F32: 1119.284 | G32: 5.89 | H32: =ROUND(ROUND(G32 * J5, 2) + G32, 2) -> 7.44 | I32: =ROUND(F32 * H32,2) -> 8327.47 | J32: =I32 / J4 -> 0.077138845
A33: 1.6.3 | B33: 102217 | C33: SINAPI | D33: PINTURA TINTA DE ACABAMENTO (PIGMENTADA) A ÓLEO EM MADEIRA, 2 DEMÃOS. AF_01/2021 | E33: m² | F33: 89.46 | G33: 20.58 | H33: =ROUND(ROUND(G33 * J5, 2) + G33, 2) -> 25.98 | I33: =ROUND(F33 * H33,2) -> 2324.17 | J33: =I33 / J4 -> 0.021529203
A34: 1.6.4 | B34: 104640 | C34: SINAPI | D34: PINTURA LÁTEX ACRÍLICA STANDARD, APLICAÇÃO MANUAL EM TETO, DUAS DEMÃOS. AF_04/2023 | E34: m² | F34: 293.7 | G34: 14.57 | H34: =ROUND(ROUND(G34 * J5, 2) + G34, 2) -> 18.39 | I34: =ROUND(F34 * H34,2) -> 5401.14 | J34: =I34 / J4 -> 0.050031726
A35: 1.6.5 | B35: 88484 | C35: SINAPI | D35: FUNDO SELADOR ACRÍLICO, APLICAÇÃO MANUAL EM TETO, UMA DEMÃO. AF_04/2023 | E35: m² | F35: 293.7 | G35: 5.97 | H35: =ROUND(ROUND(G35 * J5, 2) + G35, 2) -> 7.54 | I35: =ROUND(F35 * H35,2) -> 2214.5 | J35: =I35 / J4 -> 0.02051331
A36: 1.6.6 | B36: ED-50506 | C36: SETOP | D36: LIXAMENTO MANUAL EM TETO PARA REMOÇÃO DE TINTA | E36: m² | F36: 293.7 | G36: 3.98 | H36: =ROUND(ROUND(G36 * J5, 2) + G36, 2) -> 5.02 | I36: =ROUND(F36 * H36,2) -> 1474.37 | J36: =I36 / J4 -> 0.013657353
A37: 1.6.7 | B37: 100721 | C37: SINAPI | D37: PINTURA COM TINTA ALQUÍDICA DE FUNDO (TIPO ZARCÃO) PULVERIZADA SOBRE SUPERFÍCIES METÁLICAS (EXCETO PERFIL) EXECUTADO EM OBRA (POR DEMÃO). AF_01/2020_PE | E37: m² | F37: 58.6 | G37: 30.29 | H37: =ROUND(ROUND(G37 * J5, 2) + G37, 2) -> 38.24 | I37: =ROUND(F37 * H37,2) -> 2240.86 | J37: =I37 / J4 -> 0.020757487
A38: 1.6.8 | B38: 100717 | C38: SINAPI | D38: LIXAMENTO MANUAL EM SUPERFÍCIES METÁLICAS EM OBRA. AF_01/2020 | E38: m² | F38: 58.6 | G38: 11.17 | H38: =ROUND(ROUND(G38 * J5, 2) + G38, 2) -> 14.1 | I38: =ROUND(F38 * H38,2) -> 826.26 | J38: =I38 / J4 -> 0.0076537942
A39: 1.6.9 | B39: 100746 | C39: SINAPI | D39: PINTURA COM TINTA ALQUÍDICA DE ACABAMENTO (ESMALTE SINTÉTICO BRILHANTE) APLICADA A ROLO OU PINCEL SOBRE SUPERFÍCIES METÁLICAS (EXCETO PERFIL) EXECUTADO EM OBRA (POR DEMÃO). AF_01/2020 | E39: m² | F39: 58.6 | G39: 29.26 | H39: =ROUND(ROUND(G39 * J5, 2) + G39, 2) -> 36.94 | I39: =ROUND(F39 * H39,2) -> 2164.68 | J39: =I39 / J4 -> 0.020051818
A40: 1.7 | D40: DIVERSOS | F40: 1 | H40: =I41 + I42 -> 7387.15 | I40: =ROUND(F40 * H40,2) -> 7387.15 | J40: =I40 / J4 -> 0.068428492
A41: 1.7.1 | B41: 99803 | C41: SINAPI | D41: LIMPEZA DE PISO CERÂMICO OU PORCELANATO COM PANO ÚMIDO. AF_10/2025_PS | E41: m² | F41: 293.7 | G41: 4.26 | H41: =ROUND(ROUND(G41 * J5, 2) + G41, 2) -> 5.38 | I41: =ROUND(F41 * H41,2) -> 1580.11 | J41: =I41 / J4 -> 0.014636842
A42: 1.7.2 | B42: COTAÇÃO | C42: Próprio | D42: LETRAS CAIXA (UBS DO DISTRITO DE ANTONIO FERREIRA) FACHADA DE 07 M COMPRIMENTO X 01 M DE ALTURA, MATERIAL PVC EXPANDIDO DE 30 MM OE ALTURA COM PINTURA AUTOMOTIVA BRANCA E VERNIZ PARA PROTEyAO E DURABILIDADE. OBS.: MATERIAL APLICADO NA OBRA | E42: UN | F42: 1 | G42: 4600 | H42: =ROUND(ROUND(G42 * J5, 2) + G42, 2) -> 5807.04 | I42: =ROUND(F42 * H42,2) -> 5807.04 | J42: =I42 / J4 -> 0.053791651
A43: 1.8 | D43: ADMINISTRAÇÃO LOCAL | F43: 1 | H43: =I44 + I45 -> 5181.27 | I43: =ROUND(F43 * H43,2) -> 5181.27 | J43: =I43 / J4 -> 0.047995031
A44: 1.8.1 | B44: 93568 | C44: SINAPI | D44: ENGENHEIRO CIVIL DE OBRA SENIOR COM ENCARGOS COMPLEMENTARES | E44: MES | F44: 0.0727273 | G44: 29556.17 | H44: =ROUND(ROUND(G44 * J5, 2) + G44, 2) -> 37311.71 | I44: =ROUND(F44 * H44,2) -> 2713.58 | J44: =I44 / J4 -> 0.025136377
A45: 1.8.2 | B45: 93572 | C45: SINAPI | D45: ENCARREGADO GERAL DE OBRAS COM ENCARGOS COMPLEMENTARES | E45: MES | F45: 0.1818182 | G45: 10751.2 | H45: =ROUND(ROUND(G45 * J5, 2) + G45, 2) -> 13572.31 | I45: =ROUND(F45 * H45,2) -> 2467.69 | J45: =I45 / J4 -> 0.022858654
F47: Total sem BDI | H47: 85508.24
F48: Total do BDI | H48: 22446.06
F49: Total Geral | H49: 107954.3
A51: _______________________________________________________________ Lívio Pereira de Oliveira Setor de Engenharia

Sheet BDI
A1: CÁLCULO B.D.I. (Conforme Acórdão 2622/2013 – TCU)
N2: VALORES DE BDI POR TIPO DE OBRA
B3: MUNICIPIO: FRANCISCÓPOLIS
B4: 0
B6: TIPO DE OBRA - ENQUADRAMENTO | N6: TIPO DE OBRA | O6: 1 Quartil | P6: Médio | Q6: 3 Quartil
B7: (MARQUE X) | N7: Construção de Edifícios | O7: 0.2034 | P7: 0.2212 | Q7: 0.25
B8: CONSTRUÇÃO DE EDIFÍCIOS | G8: x | N8: Construção de Rodovias e Ferrovias | O8: 0.196 | P8: 0.2097 | Q8: 0.2423
B9: CONSTRUÇÃO DE RODOVIAS E FERROVIAS | N9: Construção de Redes de Abastecimento de Água, Coleta de Esgoto e Construções Correlatas | O9: 0.2076 | P9: 0.2418 | Q9: 0.2644
B10: CONSTRUÇÃO DE REDES DE ABASTECIMENTO DE ÁGUA, COLETA DE ESGOTO E CONSTRUÇÕES CORRELATAS | N10: Construção e Manutenção de Estações e Redes de Distribuição de Energia Elétrica | O10: 0.24 | P10: 0.2584 | Q10: 0.2786
B11: CONSTRUÇÃO E MANUTENÇÃO DE ESTAÇÕES E REDES DE DISTRIBUIÇÃO DE ENERGIA ELÉTRICA | N11: Obras Portuárias, Marítimas e Fluviais | O11: 0.228 | P11: 0.2748 | Q11: 0.3095
B12: OBRAS PORTUÁRIAS, MARÍTIMAS E FLUVIAIS | N12: Fornecimento de Materiais e Equipamentos | O12: 0.111 | P12: 0.1402 | Q12: 0.168
B13: FORNECIMENTO DE MATERIAIS E EQUIPAMENTOS
B15: CÁLCULO DO BDI | E15: VALORES BASE
B16: (Preencha os valores) | E16: 1 QUARTIL | F16: MÉDIO | G16: 3 QUARTIL | O16: Administração Central | R16: Seguro e Garantia | U16: Risco | X16: Despesas Financeiras | AA16: Lucro
B17: Administração Central | D17: 0.03 | E17: 0.03 | F17: 0.04 | G17: 0.055 | I17: =IF(D17="","",IF(AND(D17>=E17,D17<=G17),"","ADMINISTRAÇÃO CENTRAL FORA DOS LIMITES")) | N17: Construção de Edifícios | O17: 0.03 | P17: 0.04 | Q17: 0.055 | R17: 0.008 | S17: 0.008 | T17: 0.01 | U17: 0.0097 | V17: 0.0127 | W17: 0.0127 | X17: 0.0059 | Y17: 0.0123 | Z17: 0.0139 | AA17: 0.0616 | AB17: 0.074 | AC17: 0.0896
B18: Seguro e Garantia | D18: 0.008 | E18: 0.008 | F18: 0.008 | G18: 0.01 | I18: =IF(D18="","",IF(AND(D18>=E18,D18<=G18),"","SEGURO E GARANTIA FORA DOS LIMITES")) | N18: Construção de Rodovias e Ferrovias | O18: 0.038 | P18: 0.0401 | Q18: 0.0467 | R18: 0.0032 | S18: 0.004 | T18: 0.0074 | U18: 0.005 | V18: 0.0056 | W18: 0.0097 | X18: 0.0102 | Y18: 0.0111 | Z18: 0.0121 | AA18: 0.0664 | AB18: 0.073 | AC18: 0.0869
B19: Risco | D19: 0.0097 | E19: 0.0097 | F19: 0.0127 | G19: 0.0127 | I19: =IF(D19="","",IF(AND(D19>=E19,D19<=G19),"","RISCO FORA DOS LIMITES")) | N19: Construção de Redes de Abastecimento de Água, Coleta de Esgoto e Construções Correlatas | O19: 0.0343 | P19: 0.0493 | Q19: 0.0671 | R19: 0.0028 | S19: 0.0049 | T19: 0.0075 | U19: 0.01 | V19: 0.0139 | W19: 0.0174 | X19: 0.0094 | Y19: 0.0099 | Z19: 0.0117 | AA19: 0.0674 | AB19: 0.0804 | AC19: 0.094
B20: Despesas Financeiras | D20: 0.0059 | E20: 0.0059 | F20: 0.0123 | G20: 0.0139 | I20: =IF(D20="","",IF(AND(D20>=E20,D20<=G20),"","DESPESAS FINANCEIRAS FORA DOS LIMITES")) | N20: Construção e Manutenção de Estações e Redes de Distribuição de Energia Elétrica | O20: 0.0529 | P20: 0.0592 | Q20: 0.0793 | R20: 0.0025 | S20: 0.0051 | T20: 0.0056 | U20: 0.01 | V20: 0.0148 | W20: 0.0197 | X20: 0.0101 | Y20: 0.0107 | Z20: 0.0111 | AA20: 0.08 | AB20: 0.0831 | AC20: 0.0951
B21: Lucro | D21: 0.07026 | E21: 0.0616 | F21: 0.074 | G21: 0.0896 | I21: =IF(D21="","",IF(AND(D21>=E21,D21<=G21),"","LUCRO FORA DOS LIMITES")) | N21: Obras Portuárias, Marítimas e Fluviais | O21: 0.04 | P21: 0.0552 | Q21: 0.0785 | R21: 0.0081 | S21: 0.0122 | T21: 0.0199 | U21: 0.0146 | V21: 0.0232 | W21: 0.0316 | X21: 0.0094 | Y21: 0.0102 | Z21: 0.0133 | AA21: 0.0714 | AB21: 0.084 | AC21: 0.1043
B22: PIS | D22: 0.0065 | F22: 0.0065 | I22: =IF(D22="","",IF(D22=F22,"","CORRIGIR PIS")) | N22: Fornecimento de Materiais e Equipamentos | O22: 0.015 | P22: 0.0345 | Q22: 0.0449 | R22: 0.003 | S22: 0.0048 | T22: 0.0082 | U22: 0.0056 | V22: 0.0085 | W22: 0.0089 | X22: 0.0085 | Y22: 0.0085 | Z22: 0.0111 | AA22: 0.035 | AB22: 0.0511 | AC22: 0.0622
B23: COFINS | D23: 0.03 | F23: 0.03 | I23: =IF(D23="","",IF(D23=F23,"","CORRIGIR COFINS"))
B24: ISS | D24: 0.05 | E24: 0.02 | F24: - | G24: 0.05 | I24: =IF(D24="","",IF(AND(D24>=E24,D24<=G24),"","ISS FORA DOS LIMITES"))
B26: VERIFICAÇÃO
B27: TIPO DE OBRA | C27: CONSTRUÇÃO DE EDIFÍCIOS
B28: LIMITE MÍNIMO BDI SEM DESONERAÇÃO | C28: 0.2034
B29: LIMITE MÁXIMO BDI SEM DESONERAÇÃO | C29: 0.25
B30: BDI CALCULADO SEM DESONERAÇÃO | C30: 0.2347
B31: BDI CALCULADO COM DESONERAÇÃO | C31: 0.2624
B32: VERIFICAÇÃO | C32: BDI ACEITO
B37: Declaro que, conforme legislação tributária municipal, o ISS indicado acima é o praticado no município.
B41: PREFEITO MUNICIPAL | E41: LIVIO PEREIRA DE OLIVEIRA
B42: MUNICIPIO: FRANCISCÓPOLIS | E42: CREA: 83.170/D

Sheet Memorial de Calculo
D1: Obra | E1: Bancos | G1: B.D.I. | I1: Encargos Sociais
D2: MANUTENÇÃO UBS DOMICIO MANOEL DE CAIRES LOCAL: RUA PRESIDENTE KENNEDY Nº143 | E2: SINAPI - 02/2026 - Minas Gerais SBC - 03/2026 - Minas Gerais SICRO3 - 10/2025 - Minas Gerais ORSE - 12/2025 - Sergipe SEDOP - 03/2026 - Pará SEINFRA - 028 - Ceará SETOP - 01/2026 - Minas Gerais IOPES - 12/2025 - Espírito Santo SIURB - 07/2025 - São Paulo SIURB INFRA - 07/2025 - São Paulo SUDECAP - 10/2025 - Minas Gerais CPOS/CDHU - 01/2026 - São Paulo FDE - 01/2026 - São Paulo AGESUL - 01/2026 - Mato Grosso do Sul AGETOP CIVIL - 12/2025 - Goiás AGETOP RODOVIARIA - 12/2025 - Goiás CAEMA - 12/2019 - Maranhão EMBASA - 06/2025 - sem_encargos CAERN - 01/2026 - Rio Grande do Norte COMPESA - 07/2024 - Pernambuco EMOP - 02/2026 - Rio de Janeiro DERPR - 08/2025 - Paraná SCO - 01/2026 - Rio de Janeiro | G2: 26,24% | I2: Desonerado: embutido nos preços unitário dos insumos de mão de obra, de acordo com as bases.
A3: Memorial de Calculo
A4: Item | B4: Código | C4: Banco | D4: Descrição | E4: Und | F4: Quant. | G4: Valor Unit | H4: Valor Unit com BDI | I4: Total | J4: Peso (%)
A5: 1 | D5: MANUTENÇÃO UBS DOMÍCIO MANOEL DE CAIRES | F5: 1 | H5: 107954.3 | I5: 107954.3 | J5: 1
A6: 1.1 | D6: SERVIÇOS PRELIMINARES | F6: 1 | H6: 8598.78 | I6: 8598.78 | J6: 0.079652038
A7: 1.1.1 | B7: 103689 | C7: SINAPI | D7: FORNECIMENTO E INSTALAÇÃO DE PLACA DE OBRA COM CHAPA GALVANIZADA E ESTRUTURA DE MADEIRA. AF_03/2022_PS | E7: m² | F7: 6.48 | G7: 375.1 | H7: 473.53 | I7: 3068.47 | J7: 0.028423787
A8: Local | D8: Descrição | E8: Fórmula | I8: Quantidade
D9: FORNECIMENTO E INSTALAÇÃO DE PLACA DE OBRA | E9: (3,60*1,80) | I9: 6.48
A10: 1.1.2 | B10: 97650 | C10: SINAPI | D10: REMOÇÃO DE TRAMA DE MADEIRA PARA COBERTURA, DE FORMA MANUAL, SEM REAPROVEITAMENTO. AF_09/2023 | E10: m² | F10: 27.1005 | G10: 8.56 | H10: 10.81 | I10: 292.96 | J10: 0.0027137409
A11: Local | D11: Descrição | E11: Fórmula | I11: Quantidade
D12: REMOÇÃO DE TRAMA DE MADEIRA PARA COBERTURA | E12: (4,35*12,46)*0,50 | I12: 27.1005
A13: 1.1.3 | B13: 97647 | C13: SINAPI | D13: REMOÇÃO DE TELHAS DE FIBROCIMENTO METÁLICA E CERÂMICA, DE FORMA MANUAL, SEM REAPROVEITAMENTO. AF_09/2023 | E13: m² | F13: 27.1005 | G13: 3.97 | H13: 5.01 | I13: 135.77 | J13: 0.0012576618
A14: Local | D14: Descrição | E14: Fórmula | I14: Quantidade
D15: REMOÇÃO DE TELHAS DE FIBROCIMENTO | E15: (4,35*12,46)*0,50 | I15: 27.1005
A16: 1.1.4 | B16: ED-50505 | C16: SETOP | D16: LIXAMENTO MANUAL EM PAREDE PARA REMOÇÃO DE TINTA | E16: m² | F16: 1119.284 | G16: 3.51 | H16: 4.43 | I16: 4958.43 | J16: 0.045930824
A17: Local | D17: Descrição | E17: Fórmula | I17: Quantidade
D18: LIXAMENTO MANUAL EM PAREDE | E18: 2,90*(343,42+73,16-7,00-8,60-8,60-9,70-9,70)+(12,76+12,76+4,35+4,35)*1,10 | I18: 1119.284
A19: 1.1.5 | B19: 93590 | C19: SINAPI | D19: TRANSPORTE COM CAMINHÃO BASCULANTE DE 10 M³, EM VIA URBANA PAVIMENTADA, ADICIONAL PARA DMT EXCEDENTE A 30 KM (UNIDADE: M3XKM). AF_02/2026 | E19: M3XKM | F19: 9.85 | G19: 1.01 | H19: 1.28 | I19: 12.61 | J19: 0.00011680869
A20: Local | D20: Descrição | E20: Fórmula | I20: Quantidade
D21: TRANSPORTE COM CAMINHÃO BASCULANTE | E21: 1,97*5,00 | I21: 9.85
A22: 1.1.6 | B22: 100973 | C22: SINAPI | D22: CARGA, MANOBRA E DESCARGA DE SOLOS E MATERIAIS GRANULARES EM CAMINHÃO BASCULANTE 6 M³ - CARGA COM PÁ CARREGADEIRA (CAÇAMBA DE 1,7 A 2,8 M³ / 128 HP) E DESCARGA LIVRE (UNIDADE: M3). AF_02/2026 | E22: m³ | F22: 1.9766 | G22: 8.58 | H22: 10.83 | I22: 21.41 | J22: 0.00019832466
A23: Local | D23: Descrição | E23: Fórmula | I23: Quantidade
D24: CARGA, MANOBRA E DESCARGA DE SOLOS E MATERIAIS | E24: (27,10*0,05)+(27,10*0,01)+(17,53*0,02) | I24: 1.9766
A25: 1.1.7 | B25: 97664 | C25: SINAPI | D25: REMOÇÃO DE ACESSÓRIOS, DE FORMA MANUAL, SEM REAPROVEITAMENTO. AF_09/2023 | E25: UN | F25: 16 | G25: 1.77 | H25: 2.23 | I25: 35.68 | J25: 0.00033051023
A26: Local | D26: Descrição | E26: Fórmula | I26: Quantidade
D27: REMOÇÃO DE ACESSÓRIOS, DE FORMA MANUAL | E27: 16,00 | I27: 16
A28: 1.1.8 | B28: 97641 | C28: SINAPI | D28: REMOÇÃO DE FORRO DE GESSO, DE FORMA MANUAL, SEM REAPROVEITAMENTO. AF_09/2023 | E28: m² | F28: 17.5305 | G28: 3.32 | H28: 4.19 | I28: 73.45 | J28: 0.00068038049
A29: Local | D29: Descrição | E29: Fórmula | I29: Quantidade
D30: REMOÇÃO DE FORRO DE GESSO, DE FORMA MANUAL | E30: (4,35*4,03) | I30: 17.5305
A31: 1.2 | D31: COBERTURA | F31: 1 | H31: 16550.36 | I31: 16550.36 | J31: 0.15330895
A32: 1.2.1 | B32: 94448 | C32: SINAPI | D32: TELHAMENTO COM TELHA CERÂMICA CAPA-CANAL, TIPO PAULISTA, COM MAIS DE 2 ÁGUAS, INCLUSO TRANSPORTE VERTICAL. AF_07/2019 | E32: m² | F32: 44.6505 | G32: 100.22 | H32: 126.52 | I32: 5649.18 | J32: 0.052329365
A33: Local | D33: Descrição | E33: Fórmula | I33: Quantidade
D34: TELHAMENTO COM TELHA CERÂMICA CAPA-CANAL, TIPO PAULISTA | E34: (11,70*1,50)+(4,35*12,46)*0,50 | I34: 44.6505
A35: 1.2.2 | B35: 12536 | C35: ORSE | D35: Fornecimento e instalação de mão francesa reforçada 100 x 1400mm (ref. mopa ou similar) | E35: un | F35: 6 | G35: 451.71 | H35: 570.24 | I35: 3421.44 | J35: 0.031693411
A36: Local | D36: Descrição | E36: Fórmula | I36: Quantidade
D37: Fornecimento e instalação de mão francesa reforçad | E37: 6,00 | I37: 6
A38: 1.2.3 | B38: 92539 | C38: SINAPI | D38: TRAMA DE MADEIRA COMPOSTA POR RIPAS, CAIBROS E TERÇAS PARA TELHADOS DE ATÉ 2 ÁGUAS PARA TELHA CERÂMICA OU DE CONCRETO, INCLUSO TRANSPORTE VERTICAL. AF_10/2025 | E38: m² | F38: 44.6505 | G38: 112.37 | H38: 141.86 | I38: 6334.12 | J38: 0.058674087
A39: Local | D39: Descrição | E39: Fórmula | I39: Quantidade
D40: TRAMA DE MADEIRA COMPOSTA POR RIPAS | E40: (11,70*1,50)+(4,35*12,46)*0,50 | I40: 44.6505
A41: 1.2.4 | B41: 96113 | C41: SINAPI | D41: FORRO EM PLACAS DE GESSO, PARA AMBIENTES COMERCIAIS. AF_08/2023_PS | E41: m² | F41: 17.5305 | G41: 51.77 | H41: 65.35 | I41: 1145.62 | J41: 0.010612083
A42: Local | D42: Descrição | E42: Fórmula | I42: Quantidade
D43: FORRO EM PLACAS DE GESSO | E43: (4,35*4,03) | I43: 17.5305
A44: 1.3 | D44: INSTALAÇÕES HIDRO-SANITÁRIAS | F44: 1 | H44: 8912.36 | I44: 8912.36 | J44: 0.082556786
A45: 1.3.1 | B45: ED-22765 | C45: SETOP | D45: TORNEIRA METÁLICA HOSPITALAR, ABERTURA ALAVANCA 1/4 DE VOLTA, ACABAMENTO CROMADO, COM AREJADOR, APLICAÇÃO DE PAREDE | E45: un | F45: 14 | G45: 456.03 | H45: 575.69 | I45: 8059.66 | J45: 0.074658073
A46: Local | D46: Descrição | E46: Fórmula | I46: Quantidade
D47: TORNEIRA METÁLICA HOSPITALAR | E47: 14,00 | I47: 14
A48: 1.3.2 | B48: 103018 | C48: SINAPI | D48: VÁLVULA DE DESCARGA METÁLICA, BASE 1 1/4", ACABAMENTO METALICO CROMADO - FORNECIMENTO E INSTALAÇÃO. AF_08/2021 | E48: UN | F48: 2 | G48: 337.73 | H48: 426.35 | I48: 852.7 | J48: 0.0078987127
A49: Local | D49: Descrição | E49: Fórmula | I49: Quantidade
D50: VÁLVULA DE DESCARGA METÁLICA, BASE 1 1/4" | E50: 2,00 | I50: 2
A51: 1.4 | D51: ESQUADRIAS | F51: 1 | H51: 3186.1 | I51: 3186.1 | J51: 0.029513414
A52: 1.4.1 | B52: 102181 | C52: SINAPI | D52: INSTALAÇÃO DE VIDRO TEMPERADO, E = 10 MM, ENCAIXADO EM PERFIL U. AF_11/2025 | E52: m² | F52: 2.265 | G52: 341.11 | H52: 430.62 | I52: 975.35 | J52: 0.0090348416
A53: Local | D53: Descrição | E53: Fórmula | I53: Quantidade
D54: NSTALAÇÃO DE VIDRO TEMPERADO, E = 10 MM, ENCAIXADO EM PERFIL U | E54: (1,65*2,90)-(2,10*1,20) | I54: 2.265
A55: 1.4.2 | B55: 106320 | C55: SINAPI | D55: PORTA DE ABRIR COM MOLA HIDRÁULICA, EM VIDRO TEMPERADO, 120X210 CM, ESPESSURA 10 MM, INCLUSIVE ACESSÓRIOS. AF_11/2025 | E55: UN | F55: 1 | G55: 1751.23 | H55: 2210.75 | I55: 2210.75 | J55: 0.020478573
A56: Local | D56: Descrição | E56: Fórmula | I56: Quantidade
D57: PORTA DE ABRIR COM MOLA HIDRÁULICA | E57: 1,00 | I57: 1
A58: 1.5 | D58: REVESTIMENTO | F58: 1 | H58: 12827.44 | I58: 12827.44 | J58: 0.11882287
A59: 1.5.1 | B59: ED-9081 | C59: SETOP | D59: REVESTIMENTO COM CERÂMICA APLICADO EM PAREDE, ACABAMENTO ESMALTADO, AMBIENTE INTERNO/EXTERNO, PADRÃO EXTRA, DIMENSÃO DA PEÇA ATÉ 2025 CM2, PEI III, ASSENTAMENTO COM ARGAMASSA INDUSTRIALIZADA, INCLUSIVE REJUNTAMENTO | E59: m² | F59: 127.105 | G59: 79.94 | H59: 100.92 | I59: 12827.44 | J59: 0.11882287
A60: Local | D60: Descrição | E60: Fórmula | I60: Quantidade
D61: REVESTIMENTO COM CERÂMICA APLICADO EM PAREDE | E61: (3,95+2,70+0,85+1,80+2,99+4,50+4,50+2,04+4,50+4,18)*1,30+(22,15+0,15+0,15+1,90+0,80+3,45+0,39+0,40+5,35+0,15+0,15+6,80+1,20+3,15+1,20+5,05+0,30+2,10+2,00)*1,30+(4,00*2,90) | I61: 127.105
A62: 1.6 | D62: PINTURA | F62: 1 | H62: 45310.84 | I62: 45310.84 | J62: 0.41972242
A63: 1.6.1 | B63: 88489 | C63: SINAPI | D63: PINTURA LÁTEX ACRÍLICA PREMIUM, APLICAÇÃO MANUAL EM PAREDES, DUAS DEMÃOS. AF_04/2023 | E63: m² | F63: 1119.284 | G63: 14.39 | H63: 18.17 | I63: 20337.39 | J63: 0.18838888
A64: Local | D64: Descrição | E64: Fórmula | I64: Quantidade
D65: PINTURA LÁTEX ACRÍLICA PREMIUM, APLICAÇÃO MANUAL EM PAREDES | E65: 2,90*(343,42+73,16-7,00-8,60-8,60-9,70-9,70)+(12,76+12,76+4,35+4,35)*1,10 | I65: 1119.284
A66: 1.6.2 | B66: 88415 | C66: SINAPI | D66: APLICAÇÃO MANUAL DE FUNDO SELADOR ACRÍLICO EM PAREDES EXTERNAS DE CASAS. AF_03/2024 | E66: m² | F66: 1119.284 | G66: 5.89 | H66: 7.44 | I66: 8327.47 | J66: 0.077138845
A67: Local | D67: Descrição | E67: Fórmula | I67: Quantidade
D68: APLICAÇÃO MANUAL DE FUNDO SELADOR | E68: 2,90*(343,42+73,16-7,00-8,60-8,60-9,70-9,70)+(12,76+12,76+4,35+4,35)*1,10 | I68: 1119.284
A69: 1.6.3 | B69: 102217 | C69: SINAPI | D69: PINTURA TINTA DE ACABAMENTO (PIGMENTADA) A ÓLEO EM MADEIRA, 2 DEMÃOS. AF_01/2021 | E69: m² | F69: 89.46 | G69: 20.58 | H69: 25.98 | I69: 2324.17 | J69: 0.021529203
A70: Local | D70: Descrição | E70: Fórmula | I70: Quantidade
D71: PINTURA TINTA DE ACABAMENTO (PIGMENTADA) A ÓLEO EM MADEIRA | E71: (20,00*(0,80*2,10)+(0,70*2,10)*2,00+(1,20*2,10)*2,00+(1,50*2,10))*2,00 | I71: 89.46
A72: 1.6.4 | B72: 104640 | C72: SINAPI | D72: PINTURA LÁTEX ACRÍLICA STANDARD, APLICAÇÃO MANUAL EM TETO, DUAS DEMÃOS. AF_04/2023 | E72: m² | F72: 293.7 | G72: 14.57 | H72: 18.39 | I72: 5401.14 | J72: 0.050031726
A73: Local | D73: Descrição | E73: Fórmula | I73: Quantidade
D74: PINTURA LÁTEX ACRÍLICA STANDARD, APLICAÇÃO MANUAL EM TETO | E74: (17,53+9,18+25,30+7,61+33,22+11,50+6,00+4,20+4,20+11,00+10,00+7,20+6,00+6,00+3,03+2,16+5,28+5,28+38,68+3,06+3,48+11,80+10,00+9,70+16,70+11,16+5,31+9,12) | I74: 293.7
A75: 1.6.5 | B75: 88484 | C75: SINAPI | D75: FUNDO SELADOR ACRÍLICO, APLICAÇÃO MANUAL EM TETO, UMA DEMÃO. AF_04/2023 | E75: m² | F75: 293.7 | G75: 5.97 | H75: 7.54 | I75: 2214.5 | J75: 0.02051331
A76: Local | D76: Descrição | E76: Fórmula | I76: Quantidade
D77: FUNDO SELADOR ACRÍLICO | E77: (17,53+9,18+25,30+7,61+33,22+11,50+6,00+4,20+4,20+11,00+10,00+7,20+6,00+6,00+3,03+2,16+5,28+5,28+38,68+3,06+3,48+11,80+10,00+9,70+16,70+11,16+5,31+9,12) | I77: 293.7
A78: 1.6.6 | B78: ED-50506 | C78: SETOP | D78: LIXAMENTO MANUAL EM TETO PARA REMOÇÃO DE TINTA | E78: m² | F78: 293.7 | G78: 3.98 | H78: 5.02 | I78: 1474.37 | J78: 0.013657353
A79: Local | D79: Descrição | E79: Fórmula | I79: Quantidade
D80: LIXAMENTO MANUAL EM TETO PARA REMOÇÃO DE TINTA | E80: (17,53+9,18+25,30+7,61+33,22+11,50+6,00+4,20+4,20+11,00+10,00+7,20+6,00+6,00+3,03+2,16+5,28+5,28+38,68+3,06+3,48+11,80+10,00+9,70+16,70+11,16+5,31+9,12) | I80: 293.7
A81: 1.6.7 | B81: 100721 | C81: SINAPI | D81: PINTURA COM TINTA ALQUÍDICA DE FUNDO (TIPO ZARCÃO) PULVERIZADA SOBRE SUPERFÍCIES METÁLICAS (EXCETO PERFIL) EXECUTADO EM OBRA (POR DEMÃO). AF_01/2020_PE | E81: m² | F81: 58.6 | G81: 30.29 | H81: 38.24 | I81: 2240.86 | J81: 0.020757487
A82: Local | D82: Descrição | E82: Fórmula | I82: Quantidade
D83: PINTURA COM TINTA ALQUÍDICA DE FUNDO (TIPO ZARCÃO) | E83: (11,72*2,50)*2,00 | I83: 58.6
A84: 1.6.8 | B84: 100717 | C84: SINAPI | D84: LIXAMENTO MANUAL EM SUPERFÍCIES METÁLICAS EM OBRA. AF_01/2020 | E84: m² | F84: 58.6 | G84: 11.17 | H84: 14.1 | I84: 826.26 | J84: 0.0076537942
A85: Local | D85: Descrição | E85: Fórmula | I85: Quantidade
D86: LIXAMENTO MANUAL EM SUPERFÍCIES METÁLICAS EM OBRA | E86: (11,72*2,50)*2,00 | I86: 58.6
A87: 1.6.9 | B87: 100746 | C87: SINAPI | D87: PINTURA COM TINTA ALQUÍDICA DE ACABAMENTO (ESMALTE SINTÉTICO BRILHANTE) APLICADA A ROLO OU PINCEL SOBRE SUPERFÍCIES METÁLICAS (EXCETO PERFIL) EXECUTADO EM OBRA (POR DEMÃO). AF_01/2020 | E87: m² | F87: 58.6 | G87: 29.26 | H87: 36.94 | I87: 2164.68 | J87: 0.020051818
A88: Local | D88: Descrição | E88: Fórmula | I88: Quantidade
D89: PINTURA COM TINTA ALQUÍDICA DE ACABAMENTO | E89: (11,72*2,50)*2,00 | I89: 58.6
A90: 1.7 | D90: DIVERSOS | F90: 1 | H90: 7387.15 | I90: 7387.15 | J90: 0.068428492
A91: 1.7.1 | B91: 99803 | C91: SINAPI | D91: LIMPEZA DE PISO CERÂMICO OU PORCELANATO COM PANO ÚMIDO. AF_10/2025_PS | E91: m² | F91: 293.7 | G91: 4.26 | H91: 5.38 | I91: 1580.11 | J91: 0.014636842
A92: Local | D92: Descrição | E92: Fórmula | I92: Quantidade
D93: LIMPEZA DE PISO CERÂMICO | E93: (17,53+9,18+25,30+7,61+33,22+11,50+6,00+4,20+4,20+11,00+10,00+7,20+6,00+6,00+3,03+2,16+5,28+5,28+38,68+3,06+3,48+11,80+10,00+9,70+16,70+11,16+5,31+9,12) | I93: 293.7
A94: 1.7.2 | B94: COMPOSIÇÃO 7 | C94: Próprio | D94: LETRAS CAIXA (UBS DO DISTRITO DE ANTONIO FERREIRA) FACHADA DE 07 M COMPRIMENTO X 01 M DE ALTURA, MATERIAL PVC EXPANDIDO DE 30 MM OE ALTURA COM PINTURA AUTOMOTIVA BRANCA E VERNIZ PARA PROTEyAO E DURABILIDADE. OBS.: MATERIAL APLICADO NA OBRA | E94: UN | F94: 1 | G94: 4600 | H94: 5807.04 | I94: 5807.04 | J94: 0.053791651
A95: 1.8 | D95: ADMINISTRAÇÃO LOCAL | F95: 1 | H95: 5181.27 | I95: 5181.27 | J95: 0.047995031
A96: 1.8.1 | B96: 93568 | C96: SINAPI | D96: ENGENHEIRO CIVIL DE OBRA SENIOR COM ENCARGOS COMPLEMENTARES | E96: MES | F96: 0.0727273 | G96: 29556.17 | H96: 37311.71 | I96: 2713.58 | J96: 0.025136377
A97: Local | D97: Descrição | E97: Fórmula | I97: Quantidade
D98: ENGENHEIRO CIVIL DE OBRA SENIOR | E98: (2*4*2)/220 | I98: 0.0727273
A99: 1.8.2 | B99: 93572 | C99: SINAPI | D99: ENCARREGADO GERAL DE OBRAS COM ENCARGOS COMPLEMENTARES | E99: MES | F99: 0.1818182 | G99: 10751.2 | H99: 13572.31 | I99: 2467.69 | J99: 0.022858654
A100: Local | D100: Descrição | E100: Fórmula | I100: Quantidade
...

Sheet Cronograma
A1: Cronograma Físico-Financeiro
A3: CIDADE: | C3: FRANCISCÓPOLIS
A4: ESTADO: | C4: MINAS GERAIS
A5: OBRA: | C5: PROJETO PARA MANUTENÇÃO DE UBS DOMICIO MANOEL DE CAIRES
A6: LOCAL: | C6: LOCAL: RUA PRESIDENTE KENNEDY Nº143
A7: RESPONSÁVEL: | C7: LIVIO PEREIRA DE OLIVEIRA- CREA-MG-83.170/D
A8: FOLHA: | C8: 01/01
A9: Ítem | B9: Discriminação | F9: Investimento | G9: % | H9: Mês | I9: % | J9: Mês | K9: % | L9: Mês | M9: % | N9: Mês | O9: % | P9: Mês
F10: Previsto | H10: 1 | J10: 2 | L10: 3 | N10: 4 | P10: 5
A11: 1.0 | B11: =Planilha!D8 -> SERVIÇOS PRELIMINARES | F11: =Planilha!I8 -> 8598.78 | G11: 1 | H11: =$F$11*G11 -> 8598.78 | J11: =$F$11*I11 -> 0 | L11: =$F$11*K11 -> 0
A12: 2.0 | B12: =Planilha!D17 -> COBERTURA | F12: =Planilha!I17 -> 16550.36 | G12: 1 | H12: =$F$12*G12 -> 16550.36 | J12: =$F$12*I12 -> 0 | L12: =$F$12*K12 -> 0
A13: 3.0 | B13: =Planilha!D22 -> INSTALAÇÕES HIDRO-SANITÁRIAS | F13: =Planilha!I22 -> 8912.36 | G13: 1 | H13: =F13*G13 -> 8912.36 | J13: =F13*I13 -> 0 | L13: =F13*K13 -> 0
A14: 4.0 | B14: =Planilha!D25 -> ESQUADRIAS | F14: =Planilha!I25 -> 3186.1 | G14: 1 | H14: =F14*G14 -> 3186.1 | J14: =F14*I14 -> 0 | L14: =F14*K14 -> 0
A15: 5.0 | B15: =Planilha!D28 -> REVESTIMENTO | F15: =Planilha!I28 -> 12827.44 | G15: 1 | H15: =F15*G15 -> 12827.44 | J15: =F15*I15 -> 0 | L15: =F15*K15 -> 0
A16: 6.0 | B16: =Planilha!D30 -> PINTURA | F16: =Planilha!I30 -> 45310.84 | H16: =F16*G16 -> 0 | I16: 1 | J16: =F16*I16 -> 45310.84 | L16: =$F$16*K16 -> 0
A17: 7.0 | B17: =Planilha!D40 -> DIVERSOS | F17: =Planilha!I40 -> 7387.15 | H17: =F17*G17 -> 0 | I17: 1 | J17: =F17*I17 -> 7387.15 | L17: =F17*K17 -> 0
A18: 8.0 | B18: =Planilha!D43 -> ADMINISTRAÇÃO LOCAL | F18: =Planilha!I43 -> 5181.27 | G18: 0.5 | H18: =F18*G18 -> 2590.635 | I18: 0.5 | J18: =$F$18*I18 -> 2590.635 | L18: =F18*K18 -> 0
L19: =$F$19*K19 -> 0
B24: TOTAL DO MÊS: | F24: =SUM(F11:F23) -> 107954.3 | G24: =H24*100%/F24 -> 0.48785157 | H24: =SUM(H11:H23) -> 52665.675 | I24: =J24*100%/F24 -> 0.51214843 | J24: =SUM(J11:J23) -> 55288.625 | K24: =L24*100%/F24 -> 0 | L24: =SUM(L11:L23) -> 0 | M24: =N24*100%/$F$24 -> 0 | N24: =SUM(N11:N23) -> 0 | O24: =P24*100%/$F$24 -> 0 | P24: =SUM(P11:P23) -> 0
B25: TOTAL ACUMULADO: | F25: =SUM(F24) -> 107954.3 | G25: =H25*100%/F24 -> 0.48785157 | H25: =H24 -> 52665.675 | I25: =J25*100%/F24 -> 1 | J25: =(J24+H25) -> 107954.3 | K25: =L25*100%/F24 -> 1 | L25: =(L24+J25) -> 107954.3 | M25: =N25*100%/$F$24 -> 1 | N25: =(N24+L25) -> 107954.3 | O25: =P25*100%/$F$24 -> 1 | P25: =(P24+N25) -> 107954.3

Sheet Orçamento
A2: PROJETO: MANUTENÇÃO UBS DOMICIO MANOEL DE CAIRES
A3: LOCAL: RUA PRESIDENTE KENNEDY Nº143
A4: DATA: 20/08/2026
A5: LETRAS CAIXA (UBS DOMICIO MANOEL DE CAIRES ) FACHADA DE 07 M COMPRIMENTO X 01 M DE ALTURA, MATERIAL PVC EXPANDIDO DE 30 MM OE ALTURA COM PINTURA AUTOMOTIVA BRANCA E VERNIZ PARA PROTEyAO E DURABILIDADE. OBS.: MATERIAL APLICADO NA OBRA
A6: EMPRESA | B6: CNPJ | C6: NOME | D6: FONE | E6: CONTATO
A7: E1 | B7: 30.251.306.0001/81 | C7: RESOLVE IMPRESSOS LTDA | D7: 33 9.9141.9234 | E7: Alan Camargo
A8: E2 | B8: 24.207.509/0001-78 | C8: VALDONOR ANGELO MINE BLANC LTDA | D8: (33) 98859-8987 | E8: Valdonor Angelo
A9: E3 | B9: 65.551.149/0001-04 | C9: LUCIANO LEITE LEMOS | D9: 33 98871-1448 | E9: Luciano Leite Lemos
A11: EMPRESA | B11: DESCRIÇÃO | C11: UNID. | D11: PREÇO | E11: DATA
A12: E1 | B12: LETRAS CAIXA (UBS DO DISTRITO DE ANTONIO FERREIRA) FACHADA DE 07 M COMPRIMENTO X 01 M DE ALTURA, MATERIAL PVC EXPANDIDO DE 30 MM OE ALTURA COM PINTURA AUTOMOTIVA BRANCA E VERNIZ PARA PROTEyAO E DURABILIDADE. OBS.: MATERIAL APLICADO NA OBRA | C12: 1 | D12: 3300 | E12: =TODAY() -> 46294
A13: E2 | B13: LETRAS CAIXA (UBS DO DISTRITO DE ANTONIO FERREIRA) FACHADA DE 07 M COMPRIMENTO X 01 M DE ALTURA, MATERIAL PVC EXPANDIDO DE 30 MM OE ALTURA COM PINTURA AUTOMOTIVA BRANCA E VERNIZ PARA PROTEyAO E DURABILIDADE. OBS.: MATERIAL APLICADO NA OBRA | C13: 1 | D13: 7000 | E13: =TODAY() -> 46294
A14: E3 | B14: LETRAS CAIXA (UBS DO DISTRITO DE ANTONIO FERREIRA) FACHADA DE 07 M COMPRIMENTO X 01 M DE ALTURA, MATERIAL PVC EXPANDIDO DE 30 MM DE ALTURA COM PINTURA AUTOMOTIVA BRANCA E VERNIZ PARA PROTEÇÃO E DURABILIDADE. OBS.: MATERIAL APLICADO NA OBRA | C14: 1 | D14: 3500 | E14: =TODAY() -> 46294
A15: MÉDIA: | D15: =ROUND((SUM(D12:D14)/3),2) -> 4600
A27: LÍVIO PEREIRA DE OLIVEIRA ENGENHEIRO CIVIL CREA: 83.170/D
